 Dungeon Crawl Stone Soup version 0.31-a0-198-g2ad674f65e (webtiles) character file.

Game seed: 15506130972739091719

4 qw the Shooter (level 1, -3/12 HPs)
             Began as a Deep Elf Hunter on June 25, 2023.
             Slain by a gnoll
             ... wielding a +0 spear
              (5 damage)
             ... on level 1 of the Dungeon.
             The game lasted 00:00:03 (77 turns).

qw the Shooter (Deep Elf Hunter)                      Turns: 77, Time: 00:00:03

Health: -3/12      AC:  3    Str:  8    XL:     1   Next: 50%
Magic:  3/3        EV: 12    Int: 13    God:
Gold:   0          SH:  0    Dex: 18    Spells: 0/0 levels left

rFire   . . .        a - +0 shortbow
rCold   . . .        (shield currently unavailable)
rNeg    . . .        c - +0 leather armour
rPois   .            (no helmet)
rElec   .            (no cloak)
rCorr   .            (no gloves)
SInv    .            (no boots)
Will    .....        (no amulet)
Stlth   ++           (no ring)
HPRegen 0.22/turn    (no ring)
MPRegen 0.08/turn

%: no passive effects
@: no status effects
A: no striking features
a: no special abilities


You were on level 1 of the Dungeon.
You visited 1 branch of the dungeon, and saw 1 of its levels.


   Skills:
 - Level 1.5 Fighting
 + Level 5.6 Ranged Weapons
 - Level 2.4 Dodging
 - Level 1.2 Stealth


You couldn't memorise any spells.
You didn't know any spells.
Your spell library was empty.

Inventory:

Hand Weapons
 a - a +0 shortbow (weapon)
Armour
 c - a +0 leather armour (worn)
 e - a +0 ring mail
Scrolls
 b - a scroll of butterflies
 d - a scroll of revelation {unknown}
Potions
 f - 2 potions of curing {unknown}
 g - a potion of lignification {unknown}

Dungeon Overview and Level Annotations

Branches:
Dungeon (1/15)

Altars:


Message History

The kobold shouts!
You shoot an arrow. The hobgoblin shouts!
The arrow hits the kobold.
You kill the kobold!
You hear an angry hiss.
You shoot an arrow. The arrow hits the hobgoblin!
You kill the hobgoblin!
A frilled lizard comes into view.
The frilled lizard hisses angrily.
You hear a shout!
Enter note: You shoot an arrow.
The arrow hits the frilled lizard!
You kill the frilled lizard!
g - a metallic coppery potion
Enter note: A gnoll comes into view. It is wielding a +0 spear.
Found a stone staircase leading down.
The gnoll moves out of view.
Enter note: You see here a hobgoblin corpse.
Enter note:
Enter note: You shoot an arrow.
The arrow barely misses the gnoll.
The gnoll hits you from afar with a +0 spear.
You shoot an arrow. The arrow barely misses the gnoll.
The gnoll hits you from afar with a +0 spear.
A giant cockroach comes into view.
You shoot an arrow. The arrow hits the giant cockroach.
The giant cockroach is heavily wounded.
The giant cockroach closely misses you. The gnoll misses you.
You shoot an arrow.
The arrow hits the giant cockroach but does no damage.
The giant cockroach is heavily wounded.
The giant cockroach closely misses you.
The gnoll hits you from afar with a +0 spear.
The giant cockroach bites you.
You shoot an arrow. The arrow hits the giant cockroach.
You kill the giant cockroach!
The gnoll hits you but does no damage.
The gnoll hits you from afar with a +0 spear.
You die...

###......>......#
.
###..#..####...#
.. #......## ..
##......#
##....#.#
.##>###.....#.##
.........##.....
###...#.%##.)...
###...@.g.....
#...###.....
#...#.. ....
#.##### ... #..
.. .. .


You could see a gnoll.

Vanquished Creatures
  A giant cockroach (D:1)
  2 hobgoblins (D:1)
  A frilled lizard (D:1)
  A kobold (D:1)
5 creatures vanquished.

Notes
Turn   | Place    | Note
-------+----------+-------------------------------------------
     0 | D:1      | qw the Deep Elf Hunter began the quest for the Orb.
     0 | D:1      | Reached XP level 1. HP: 12/12 MP: 3/3
     0 | D:1      | 0 ||| qw: Version: 0.3-a-22-g0ed2b0b
     0 | D:1      | 0 ||| qw: Game counter: 5374
     0 | D:1      | 0 ||| qw: Melee chars always use a shield: true
     0 | D:1      | 0 ||| qw: God list: Okawaru
     0 | D:1      | 0 ||| qw: Allow faded altars: false
     0 | D:1      | 0 ||| qw: Do Orc after clearing Dungeon:15 true
     0 | D:1      | 0 ||| qw: Do second Lair branch before Depths: true
     0 | D:1      | 0 ||| qw: Lair rune preference: random
     0 | D:1      | 0 ||| qw: Goals: Normal
     0 | D:1      | 0 ||| PLANNING D:1-11
    76 | D:1      | HP: 2/12 [giant cockroach (2)]
    77 | D:1      | Slain by a gnoll

Levels and vault maps discovered:
D:1:      mrwooster_arrival_statue, layout_rooms, serial_shops,
          nicolae_shop_stone

Action                     || total
---------------------------++-------
   Fire: Shortbow          ||    12
 Armour: Leather armour    ||     1
  Dodge: Dodged            ||     4

Table legend:
 A = Non-vault XP
 B = Vault XP
 C = Vault XP percentage of total XP
 D = Non-vault monster count
 E = Vault monster count
 F = Vault count percentage of total count
                 A         B        C        D         E       F
            +---------+---------+-------+---------+---------+-------
      Total |       8 |       0 |   0.0 |       5 |       0 |   0.0
            +---------+---------+-------+---------+---------+-------
        D:1 |       8 |       0 |   0.0 |       5 |       0 |   0.0
            +---------+---------+-------+---------+---------+-------
